 Dungeon Crawl Stone Soup version 0.28.0-45-g0d030f2227 (webtiles) character file.

Game seed: 2899520096296945842

58 styxcanada the Sneak (level 3, 0/27 HPs)
             Began as a Spriggan Brigand on Apr 18, 2022.
             Slain by a gnoll
             ... wielding a +0 club
              (2 damage)
             ... on level 2 of the Dungeon.
             The game lasted 00:03:40 (1249 turns).

styxcanada the Sneak (Spriggan Brigand)             Turns: 1249, Time: 00:03:40

Health: 0/27       AC:  3    Str:  7    XL:     3   Next: 75%
Magic:  4/4        EV: 17    Int: 12    God:
Gold:   61         SH:  0    Dex: 18    Spells: 2/2 levels left

rFire   . . .      SeeInvis +   a - +2 dagger
rCold   . . .      Faith    .   (no shield)
rNeg    . . .      Spirit   .   b - +0 robe
rPois   .          Reflect  .   (helmet restricted)
rElec   .          Harm     .   c - +0 cloak
rCorr   .          Rampage  .   (gloves unavailable)
Will    .....                   (boots unavailable)
Stlth   ..........              (no amulet)
HPRegen 0.09/turn               (no ring)
MPRegen 0.09/turn               (no ring)

@: berserking, lethally poisoned (0 -> -1), flying, very quick
A: very small, no large weapons, unfitting armour, see invisible, speed 3
a: no special abilities


You were on level 2 of the Dungeon.
You visited 1 branch of the dungeon, and saw 2 of its levels.

You collected 61 gold pieces.

Inventory:

Hand Weapons
 a - a +2 dagger (weapon)
 h - a +0 hunting sling
Missiles
 d - 10 poisoned darts (quivered)
Armour
 b - a +0 robe (worn)
 c - a +0 cloak (worn)
Scrolls
 i - a scroll of identify {unknown}
 k - a scroll of immolation {unknown}
 m - a scroll of enchant weapon {unknown}
Potions
 g - 2 potions of flight
 j - a potion of curing {unknown}
 l - a potion of degeneration {unknown}


   Skills:
 * Level 1.7 Fighting
 + Level 2.5 Short Blades
 + Level 2.1 Throwing
 * Level 2.1 Dodging
 * Level 7.5 Stealth


You had 2 spell levels left.
You didn't know any spells.
Your spell library was empty.

Dungeon Overview and Level Annotations

Branches:
Dungeon (2/15)

Altars:


Innate Abilities, Weirdness & Mutations

You are very small and have problems with some larger weapons.
You are too small for most types of armour.
You have supernaturally acute eyesight. (SInv)
You cover ground extremely quickly. (Speed+++)


Message History

A hobgoblin comes into view.
You closely miss the adder.
The adder is moderately wounded.
The adder bites you.
You are poisoned.
The adder poisons you! The adder bites you.
You are lethally poisoned!
The adder poisons you!
Throw: dart (curare)
Press: ? - help, Q - select action, (/) - cycle Shift-Dir - straight line, f/p - adder
Aim: an adder (moderately wounded, 44% to hit)
You throw a curare-tipped dart.
The curare-tipped dart misses the adder.
The curare-tipped dart hits the rat.
The rat is poisoned.
The rat convulses.
You kill the rat!
You feel sick. The adder closely misses you.
You feel sick.
You feel sick.
Found 14 gold pieces.
* * * LOW HITPOINT WARNING * * *
You feel sick.
* * * LOW HITPOINT WARNING * * *
You feel sick.
It was a potion of flight.
You feel very buoyant.
You fly up into the air.
* * * LOW HITPOINT WARNING * * *
You feel sick.
It was a potion of berserk rage.
A red film seems to cover your vision as you go berserk!
You feel yourself moving faster!
You feel mighty!
You feel sick. The adder bites you.
* * * LOW HITPOINT WARNING * * *
You puncture the adder!
You kill the adder!
You puncture the gnoll!
The gnoll is almost dead.
* * * LOW HITPOINT WARNING * * *
You feel sick. The gnoll hits you with a +0 club.
You die...

#.###.##...#
#.........#
####...##.##
###....#..#
######.......#
#..†g.g.#.##.#
##g###.###.r#
.. #g.# #.#
r$g# .# ###@##
##..[g(. ..
#...# ##.(..#
. #...###
#..### #$...##
##.# #.## ...
.


You could see a gnoll and a hobgoblin.

Vanquished Creatures
  A gnoll (D:1)
  An adder (D:2)
  A dart slug (D:1)
  2 ball pythons (D:1)
  An endoplasm (D:1)
  3 giant cockroaches (D:1)
  4 goblins (D:1)
  4 hobgoblins
  3 jackals (D:1)
  4 kobolds (D:1)
  A quokka (D:1)
  3 bats
  A frilled lizard (D:1)
  5 rats
34 creatures vanquished.

Notes
Turn   | Place    | Note
-------+----------+-------------------------------------------
     0 | D:1      | styxcanada the Spriggan Brigand began the quest for the
                  | Orb.
     0 | D:1      | Reached XP level 1. HP: 10/10 MP: 2/2
    90 | D:1      | Reached skill level 6 in Stealth
   340 | D:1      | Reached XP level 2. HP: 14/14 MP: 3/3
   565 | D:1      | Found a faded altar of an unknown god.
   672 | D:1      | Reached skill level 7 in Stealth
   672 | D:1      | Reached XP level 3. HP: 14/18 MP: 4/4
  1249 | D:2      | Slain by a gnoll

Illustrated notes

Levels and vault maps discovered:
D:1:      ncdulo_smallfort, layout_loops_ring, shapermc_ecumenical_altar_ellora,
          minmay_tall_x
D:2:      layout_rooms, kennysheep_minor_cross, minmay_pentomino_z4

Skill      XL: |  1  2  3 |
---------------+----------+-----
Stealth        | 6 7 |  7.5
Dodging        | 2 |  2.1
Fighting       | |  1.7
Short Blades   | |  2.5
Throwing       | |  2.1

Action                   || total
-------------------------++-------
Melee: Dagger            ||    75
       Punch             ||     1
Throw: Dart              ||    13
  Use: Potion            ||     2
 Stab: Sleeping          ||    10
Armor: Robe              ||     9
Dodge: Dodged            ||    49
